Map: Port Aleksander LE

Players

firefly - Winner!

  • Race: Protoss Protoss
  • League: Gold
  • Spawn Location: 5:00

MaSa

  • Race: Terran Terran
  • League: Grandmaster
  • Spawn Location: 11:00

Event: 2019 WCS Winter Americas

VOD

Have the link to the VOD?

Description

Time

  • Played on: Feb. 15, 2019, 12:36 p.m.
  • Length: 13:06

All games in this series

Show
View Real Time Build Order
Export as new Build Order

firefly Protoss - Winner!

Build Orders: 1 Gate Expand, Blink Stalkers, Colossus Rush 

Get SALT Encoding   

  12  0:01  Probe  
  13  0:13  Probe  
  14  0:18  Pylon  
  14  0:25  Probe  
  15  0:33  Probe  
  15  0:39  Gateway  
  15  0:41  Probe  
  17  0:50  Assimilator  
  17  0:51  Probe  
  18  1:03  Probe  
  19  1:15  Probe  
  20  1:25  Nexus  
  20  1:35  Cybernetics Core  
  20  1:37  Probe  
  21  1:44  Assimilator  
  21  1:50  Probe  
  21  1:54  Pylon  
  22  2:02  Stalker, Probe  
  23  2:13  Warp Gate  
  23  2:14  Probe  
  26  2:25  Probe  
  26  2:26  Twilight Council  
  27  2:33  Probe x2  
  27  2:41  Probe  
  27  2:43  Probe  
  27  2:44  Stalker  
  33  2:51  Probe  
  33  2:55  Probe  
  35  3:03  Probe, Blink  
  36  3:07  Probe  
  37  3:14  Robotics Facility  
  37  3:15  Probe  
  37  3:19  Probe  
  39  3:20  Stalker  
  41  3:27  Probe  
  41  3:32  Probe  
  41  3:33  Pylon  
  43  3:39  Gateway  
  43  3:41  Probe, Gateway  
  44  3:44  Probe  
  45  3:53  Probe  
  45  3:54  Shield Battery  
  46  3:56  Probe  
  46  4:01  Observer  
  46  4:02  Stalker  
  50  4:05  Probe  
  50  4:07  Assimilator  
  50  4:08  Probe, Forge  
  52  4:12  Assimilator  
  52  4:17  Probe, Pylon  
  52  4:23  Observer  
  54  4:34  Robotics Bay  
  54  4:35  Probe, Pylon  
  54  4:36  Probe, Shield Battery  
  56  4:38  Stalker  
  58  4:47  Protoss Ground Weapons Level 1  
  58  4:50  Immortal  
  58  5:00  Pylon  
  62  5:12  Nexus  
  62  5:14  Pylon  
  62  5:16  Colossus, Probe x2  
  63  5:22  Extended Thermal Lance  
  69  5:39  Charge  
  69  5:42  Zealot x3  
  75  5:44  Probe x2  
  77  5:56  Probe  
  78  5:57  Pylon  
  78  5:59  Colossus  
  78  6:00  Probe  
  78  6:03  Shield Battery  
  79  6:08  Probe  
  86  6:15  Probe  
  87  6:22  Probe  
  88  6:25  Probe  
  88  6:26  Probe  
  88  6:30  Probe  
  90  6:33  Protoss Ground Armor Level 1, Probe  
  90  6:34  Probe  
  90  6:36  Forge  
  90  6:38  Probe  
  93  6:43  Probe x2  
  96  6:49  Gateway x2  
  96  6:50  Colossus, Probe, Gateway  
  97  6:55  Probe x2  
  97  7:00  Protoss Ground Weapons Level 2  
  105  7:02  Probe  
  105  7:03  Assimilator  
  105  7:05  Assimilator  
  105  7:07  Sentry, Probe  
  109  7:10  Pylon  
  109  7:15  Probe  
  109  7:18  Pylon  
  109  7:26  Pylon  
  109  7:31  Stalker x3  
  109  7:33  Pylon  
  115  7:40  Photon Cannon  
  115  7:43  Warp Prism  
  115  7:44  Templar Archives  
  113  7:52  Zealot x2  
  113  7:53  Zealot, Gateway  
  113  7:55  Gateway  
  113  7:56  Observer  
  119  8:00  Shield Battery  
  119  8:01  Sentry x2  
  119  8:02  Photon Cannon  
  119  8:04  Pylon  
  123  8:11  Psionic Storm, Zealot  
  125  8:14  Zealot x3, Pylon  
  131  8:20  Observer  
  131  8:25  Zealot x2  
  136  8:35  Zealot x4  
  136  8:41  Pylon  
  143  8:50  Protoss Ground Armor Level 2  
  143  8:56  Zealot x7  
  153  9:05  Protoss Ground Weapons Level 3  
  149  9:13  High Templar  
  151  9:22  High Templar x5  
  161  9:33  Zealot x2  
  161  9:35  Nexus  
  165  9:39  Pylon  
  165  9:43  Assimilator  
  165  9:47  Assimilator  
  165  9:55  Pylon  
  165  9:56  Probe x2  
  165  9:57  Probe, Pylon  
  165  9:59  Pylon  
  164  10:03  High Templar x2  
  157  10:16  Zealot x6  
  132  10:43  Stalker x3  
  132  10:47  Pylon  
  132  10:49  Pylon  
  138  10:50  Archon  
  138  10:53  Pylon  
  134  10:58  Probe  
  134  10:59  Probe x3  
  134  11:03  Pylon  
  138  11:05  Pylon  
  138  11:08  Stalker x3  
  138  11:09  Stalker x2  
  138  11:10  Stalker x3  
  138  11:11  Probe x4  
  156  11:23  Probe x2  
  152  11:37  Stalker x5  
  152  11:39  Zealot x3  
  145  11:58  Probe  
  139  12:15  Zealot x5  
  146  12:20  Templar Archives  
  144  12:23  Gateway x2  
  144  12:26  Gateway  
  131  12:33  Robotics Facility  
  125  12:44  Zealot  
Show
View Real Time Build Order
Export as new Build Order

MaSa Terran 

Build Orders: Cyclone Opening, Gas First Reaper Expand 

Get SALT Encoding   

  12  0:00  SCV  
  13  0:12  SCV  
  14  0:17  Supply Depot  
  14  0:24  SCV  
  15  0:28  Refinery  
  15  0:39  SCV  
  16  0:45  Barracks  
  16  0:51  SCV  
  17  1:03  SCV  
  18  1:15  SCV  
  19  1:32  Reaper, Orbital Command  
  20  1:49  Command Center  
  20  1:57  Factory  
  20  2:00  SCV  
  21  2:05  Barracks Tech Lab  
  21  2:12  SCV  
  21  2:15  Supply Depot  
  22  2:24  SCV  
  23  2:31  Barracks Reactor  
  24  2:37  SCV  
  24  2:48  Command Center  
  24  2:49  SCV  
  25  2:55  Cyclone  
  28  3:03  Orbital Command  
  28  3:06  SCV  
  28  3:08  Marine  
  28  3:10  Marine  
  31  3:17  Bunker  
  31  3:19  SCV  
  32  3:23  Refinery  
  32  3:26  Marine  
  33  3:28  Marine  
  33  3:30  SCV  
  33  3:33  SCV  
  36  3:39  Siege Tank  
  39  3:42  SCV  
  39  3:47  Marine  
  41  3:49  Marine, Barracks  
  41  3:52  SCV  
  43  3:56  SCV  
  43  4:00  Engineering Bay  
  44  4:04  SCV  
  44  4:06  Orbital Command  
  44  4:07  Marine  
  44  4:08  Marine  
  47  4:13  SCV  
  48  4:18  Siege Tank  
  48  4:20  SCV  
  52  4:27  Supply Depot  
  52  4:29  Barracks  
  52  4:31  Marine x2  
  53  4:34  SCV x2  
  53  4:37  Barracks Tech Lab  
  56  4:39  SCV  
  56  4:43  Terran Infantry Weapons Level 1  
  56  4:45  Refinery  
  57  4:49  Supply Depot  
  57  4:51  Marine x2  
  59  4:54  SCV  
  59  4:59  SCV  
  61  5:02  Starport, Factory Reactor  
  61  5:03  Marine  
  61  5:05  SCV  
  63  5:09  SCV  
  63  5:13  Missile Turret  
  63  5:14  Stimpack  
  63  5:15  SCV  
  63  5:18  SCV  
  63  5:19  Marine  
  66  5:21  SCV  
  66  5:22  Marine  
  66  5:23  Marine  
  66  5:27  SCV  
  66  5:28  Refinery  
  70  5:32  SCV, Supply Depot  
  70  5:33  Marine  
  72  5:37  SCV  
  72  5:38  Marine  
  72  5:39  SCV  
  75  5:44  Marauder  
  75  5:45  Factory Reactor  
  75  5:48  Supply Depot  
  77  5:53  SCV, Medivac  
  77  5:54  Medivac  
  77  5:55  Supply Depot  
  81  5:57  SCV x2  
  81  5:59  Marine  
  81  6:00  Marine  
  85  6:05  Orbital Command  
  85  6:09  Combat Shield  
  85  6:10  Marauder x2, SCV  
  90  6:16  SCV  
  91  6:22  SCV  
  88  6:27  Medivac x2  
  88  6:28  SCV  
  88  6:31  Marauder, Widow Mine  
  88  6:32  Widow Mine  
  98  6:34  SCV, Marine x2  
  98  6:36  Barracks  
  98  6:37  Barracks  
  101  6:41  SCV x2  
  101  6:45  Terran Infantry Armor Level 1  
  101  6:46  Supply Depot  
  101  6:47  SCV, Supply Depot  
  104  6:52  Marauder  
  106  6:55  Marauder, Missile Turret  
  106  6:56  SCV  
  109  7:03  Factory  
  109  7:08  SCV, Widow Mine x2  
  114  7:09  Refinery  
  114  7:10  Refinery  
  114  7:12  Supply Depot  
  114  7:13  SCV  
  114  7:14  SCV  
  116  7:18  Supply Depot  
  116  7:20  SCV, Medivac  
  116  7:22  Medivac  
  121  7:25  SCV, Marine  
  121  7:26  Marine  
  121  7:27  Barracks Tech Lab  
  121  7:28  Barracks Reactor  
  124  7:31  SCV, Supply Depot  
  124  7:33  Widow Mine  
  124  7:35  Widow Mine  
  129  7:37  Marauder  
  129  7:39  Marauder  
  129  7:43  SCV  
  134  7:44  SCV  
  134  7:45  SCV  
  134  7:47  Marine x2  
  134  7:48  Marauder  
  134  7:51  Concussive Shells, Factory Tech Lab  
  138  7:54  Supply Depot  
  138  7:55  SCV  
  139  7:59  Supply Depot  
  139  8:03  Marauder x2  
  139  8:04  SCV  
  139  8:05  Marine  
  145  8:11  Marine x3  
  148  8:16  Marauder, Widow Mine x2  
  148  8:17  SCV  
  148  8:18  SCV x2, Supply Depot  
  157  8:21  Supply Depot  
  157  8:24  Armory  
  157  8:25  Marauder x2  
  157  8:26  Widow Mine  
  163  8:27  Engineering Bay  
  163  8:34  SCV  
  163  8:35  SCV x2  
  163  8:40  Marauder, Marine  
  168  8:46  Marauder x2, SCV  
  168  8:48  SCV  
  174  8:49  Marine  
  174  8:51  SCV  
  176  9:00  Marine  
  176  9:01  SCV, Marauder  
  176  9:02  Medivac x2, Widow Mine x3  
  175  9:07  Marauder x2  
  171  9:13  Command Center  
  171  9:15  Marine  
  172  9:17  Drilling Claws  
  172  9:18  Supply Depot  
  172  9:23  Marauder  
  174  9:30  Marauder x2, Marine  
  179  9:32  Medivac  
  181  9:39  Medivac, Widow Mine  
  181  9:44  Marauder  
  187  9:52  Marauder, Supply Depot x2  
  189  9:56  Starport  
  189  9:57  Starport  
  189  10:12  Marine  
  189  10:13  Viking x2  
  189  10:14  Marauder, Widow Mine x2, Barracks  
  198  10:15  Barracks x2  
  198  10:18  Marine x2  
  198  10:19  Marauder  
  173  10:31  Liberator  
  173  10:33  Marauder, Marine x2  
  173  10:35  Marauder  
  147  10:43  Medivac  
  147  10:45  Marauder, Marine  
  154  10:50  Starport Tech Lab  
  154  10:51  Starport Reactor  
  154  10:54  Fusion Core  
  154  10:56  Widow Mine x3  
  156  11:13  Medivac  
  156  11:14  Command Center  
  156  11:16  Marauder  
  158  11:20  Widow Mine  
  159  11:26  Marine  
  159  11:27  Marauder, Liberator x2  
  159  11:28  Liberator  
  138  11:40  Marine  
  138  11:41  Marauder x2, Marine  
  138  11:43  Medivac  
  138  11:46  Widow Mine  
  149  11:52  Marauder, Marine  
  135  12:01  Marine  
  105  12:22  Marine  
  102  12:25  Marauder, Supply Depot  
  99  12:44  Supply Depot x2  
Tags
 
Add a new tag
Caveats
  • Supply blocks, unpowered buildings, or Contaminate may cause inaccurate times.
  • Supply counts are checked every 10 seconds.